NCAA
ILLINOIS FIGHTING ILLINI @ SOUTH CAROLINA GAMECOCKS
04/20/2028
 
TOP OF THE 1ST
Illinois Fighting Illini batting - Pitching for South Carolina Gamecocks : RHP Miguel Martínez
Pitching: RHP Miguel Martínez
Batting: RHB Chris Carr 0-0: Ball
1-0: Called Strike
1-1: Fly out, F7 (Line Drive, 7)
Batting: RHB Fernando Núńez 0-0: Foul Ball, location: 2F
0-1: Ground out 6-3 (Groundball, 6)
Batting: RHB Jesús Vélez 0-0: Ball
1-0: Ball
2-0: SINGLE (Line Drive, 9S)
Batting: RHB Harold Allen 0-0: Called Strike
0-1: Ball
1-1: Ball
Wild Pitch!
Jesús Vélez to second
2-1: Swinging Strike
2-2: Ground out 5-3 (Groundball, 5)
Top of the 1st over - 0 run(s), 1 hit(s), 0 error(s), 1 left on base; Illinois 0 - South Carolina 0
BOTTOM OF THE 1ST
South Carolina Gamecocks batting - Pitching for Illinois Fighting Illini : LHP Arnie Green
Pitching: LHP Arnie Green
Batting: RHB Luis Mercado 0-0: Foul Ball, location: 2F
0-1: Swinging Strike
0-2: Strikes out swinging
Batting: RHB Edward Green 0-0: Foul Ball, location: 2F
0-1: Foul Ball, location: 2F
0-2: Ball
1-2: Strikes out swinging
Batting: LHB Chandler Pitts 0-0: Called Strike
0-1: Ball
1-1: Called Strike
1-2: Ball
2-2: Ball
3-2: Ground out 4-3 (Groundball, 4S)
Bottom of the 1st over - 0 run(s), 0 hit(s), 0 error(s), 0 left on base; Illinois 0 - South Carolina 0
TOP OF THE 2ND
Illinois Fighting Illini batting - Pitching for South Carolina Gamecocks : RHP Miguel Martínez
Batting: LHB Jesse Bowen 0-0: SINGLE (Groundball, 4S) (infield hit)
Batting: RHB Robert Lancaster 0-0: Foul Ball, location: 2F
0-1: Ball
1-1: Called Strike
1-2: Fielders Choice at 2nd, 6-4 (Groundball, 6)
Batting: RHB Rod Damerell 0-0: Ball
1-0: Ball
2-0: Foul Ball, location: 2F
2-1: Ball
3-1: Called Strike
3-2: SINGLE (Line Drive, 7LS)
Robert Lancaster to second
Batting: RHB Neil Smith 0-0: Ball
1-0: Fly out, F7 (Flyball, 7)
Batting: SHB Robbie Robertson 0-0: Ball
1-0: Called Strike
1-1: Foul Ball, location: 2F
1-2: Ball
2-2: Strikes out swinging
Top of the 2nd over - 0 run(s), 2 hit(s), 0 error(s), 2 left on base; Illinois 0 - South Carolina 0
BOTTOM OF THE 2ND
South Carolina Gamecocks batting - Pitching for Illinois Fighting Illini : LHP Arnie Green
Batting: RHB Rob DeWitt 0-0: Ball
1-0: Foul Ball, location: 2F
1-1: Swinging Strike
1-2: Ball
2-2: Foul Ball, location: 2F
2-2: Ball
3-2: Strikes out swinging
Batting: SHB Darrel Wise 0-0: Ground out 5-3 (Groundball, 56S)
Batting: RHB Ryan Campbell 0-0: Called Strike
0-1: Ball
1-1: Called Strike
1-2: Strikes out swinging
Bottom of the 2nd over - 0 run(s), 0 hit(s), 0 error(s), 0 left on base; Illinois 0 - South Carolina 0
TOP OF THE 3RD
Illinois Fighting Illini batting - Pitching for South Carolina Gamecocks : RHP Miguel Martínez
Batting: RHB Chris Carr 0-0: Ball
1-0: Swinging Strike
1-1: Swinging Strike
1-2: Ball
2-2: Strikes out swinging
Batting: RHB Fernando Núńez 0-0: Ball
1-0: Fly out, F9 (Line Drive, 9S)
Batting: RHB Jesús Vélez 0-0: Ground out 4-3 (Groundball, 4)
Top of the 3rd over - 0 run(s), 0 hit(s), 0 error(s), 0 left on base; Illinois 0 - South Carolina 0
BOTTOM OF THE 3RD
South Carolina Gamecocks batting - Pitching for Illinois Fighting Illini : LHP Arnie Green
Batting: LHB Gilberto Ortíz 0-0: Called Strike
0-1: Called Strike
0-2: Foul Ball, location: 2F
0-2: Strikes out swinging
Batting: SHB Ron Sims 0-0: Swinging Strike
0-1: Ball
1-1: Ball
2-1: Ball
3-1: SINGLE (Flyball, 7S)
Batting: RHB José Maldonado 0-0: Ball
1-0: Ball
Ron Sims steals 2nd base
2-0: Ball
3-0: Base on Balls
Batting: RHB Luis Mercado 0-0: Ball
1-0: Fielders Choice at 2nd, 1-4 (Groundball, 15)
Ron Sims to third
Batting: RHB Edward Green 0-0: Foul Ball, location: 2F
0-1: Ball
1-1: Foul Ball, location: 2F
1-2: Strikes out swinging
Bottom of the 3rd over - 0 run(s), 1 hit(s), 0 error(s), 2 left on base; Illinois 0 - South Carolina 0
TOP OF THE 4TH
Illinois Fighting Illini batting - Pitching for South Carolina Gamecocks : RHP Miguel Martínez
Batting: RHB Harold Allen 0-0: Ball
1-0: Foul Ball, location: 2F
1-1: Foul Ball, location: 2F
1-2: Fly out, F7 (Flyball, 78S)
Batting: LHB Jesse Bowen 0-0: Ball
1-0: Ball
2-0: Called Strike
2-1: Foul Ball, location: 2F
2-2: Fly out, F5 (Popup, 5D)
Batting: RHB Robert Lancaster 0-0: Ball
1-0: Fly out, F4 (Popup, 4D)
Top of the 4th over - 0 run(s), 0 hit(s), 0 error(s), 0 left on base; Illinois 0 - South Carolina 0
BOTTOM OF THE 4TH
South Carolina Gamecocks batting - Pitching for Illinois Fighting Illini : LHP Arnie Green
Batting: LHB Chandler Pitts 0-0: Foul Ball, location: 2F
0-1: Fly out, F9 (Flyball, 89M)
Batting: RHB Rob DeWitt 0-0: Foul Ball, location: 2F
0-1: Foul Ball, location: 2F
0-2: Ball
1-2: Ball
2-2: Strikes out looking
Batting: SHB Darrel Wise 0-0: Called Strike
0-1: Ball
1-1: DOUBLE (Line Drive, 78D)
Batting: RHB Ryan Campbell 0-0: Called Strike
0-1: Swinging Strike
0-2: Strikes out swinging
Bottom of the 4th over - 0 run(s), 1 hit(s), 0 error(s), 1 left on base; Illinois 0 - South Carolina 0
TOP OF THE 5TH
Illinois Fighting Illini batting - Pitching for South Carolina Gamecocks : RHP Miguel Martínez
Batting: RHB Rod Damerell 0-0: DOUBLE (Line Drive, 89D)
Batting: RHB Neil Smith 0-0: Called Strike
0-1: Called Strike
0-2: Strikes out swinging
Batting: SHB Robbie Robertson 0-0: Called Strike
0-1: Called Strike
0-2: Ball
1-2: Ball
2-2: Strikes out swinging
Batting: RHB Chris Carr 0-0: Ball
1-0: Called Strike
1-1: Ball
2-1: Ball
3-1: Foul Ball, location: 2F
3-2: Fly out, F6 (Line Drive, 6)
Top of the 5th over - 0 run(s), 1 hit(s), 0 error(s), 1 left on base; Illinois 0 - South Carolina 0
BOTTOM OF THE 5TH
South Carolina Gamecocks batting - Pitching for Illinois Fighting Illini : LHP Arnie Green
Batting: LHB Gilberto Ortíz 0-0: Called Strike
0-1: Ball
1-1: SINGLE (Groundball, 56D)
Batting: SHB Ron Sims 0-0: Ball
1-0: Swinging Strike
1-1: Fly out, F7 (Flyball, 7LMF)
Batting: RHB José Maldonado 0-0: Called Strike
0-1: Ball
1-1: Foul Ball, location: 2F
1-2: Strikes out swinging
Batting: RHB Luis Mercado 0-0: Ball
1-0: Ball
2-0: Fielders Choice at 2nd, 6-4 (Groundball, 6)
Bottom of the 5th over - 0 run(s), 1 hit(s), 0 error(s), 0 left on base; Illinois 0 - South Carolina 0
TOP OF THE 6TH
Illinois Fighting Illini batting - Pitching for South Carolina Gamecocks : RHP Miguel Martínez
Batting: RHB Fernando Núńez 0-0: Swinging Strike
0-1: Foul Ball, location: 2F
0-2: Ball
1-2: Ball
2-2: Strikes out looking
Batting: RHB Jesús Vélez 0-0: Called Strike
0-1: Foul Ball, location: 2F
0-2: Foul Ball, location: 2F
0-2: Foul Ball, location: 2F
0-2: Strikes out swinging
Batting: RHB Harold Allen 0-0: Called Strike
0-1: Ball
1-1: Swinging Strike
1-2: Ground out 6-3 (Groundball, 6)
Top of the 6th over - 0 run(s), 0 hit(s), 0 error(s), 0 left on base; Illinois 0 - South Carolina 0
BOTTOM OF THE 6TH
South Carolina Gamecocks batting - Pitching for Illinois Fighting Illini : LHP Arnie Green
Batting: RHB Edward Green 0-0: Ball
1-0: SINGLE (Groundball, 56S) (infield hit)
Batting: LHB Chandler Pitts 0-0: Foul Ball, location: 2F
0-1: Ball
1-1: Grounds into double play, 5-4-3 (Groundball, 56)
Batting: RHB Rob DeWitt 0-0: Fly out, F9 (Flyball, 89M)
Bottom of the 6th over - 0 run(s), 1 hit(s), 0 error(s), 0 left on base; Illinois 0 - South Carolina 0
TOP OF THE 7TH
Illinois Fighting Illini batting - Pitching for South Carolina Gamecocks : RHP Miguel Martínez
Batting: LHB Jesse Bowen 0-0: Foul Ball, location: 2F
0-1: Fly out, F8 (Flyball, 8RS)
Pitching: LHP Peter Méndez
Batting: RHB Robert Lancaster 0-0: Ball
1-0: Called Strike
1-1: Foul Ball, location: 2F
1-2: SINGLE (Groundball, 23) (infield hit)
Batting: RHB Rod Damerell 0-0: Ball
1-0: Foul Ball, location: 2F
1-1: Fly out, F9 (Flyball, 9LS)
Pinch Hitting: RHB Weldon Lott 0-0: Ball
1-0: 2-RUN HOME RUN (Flyball, 7LD), Distance : 332 ft
Pitching: RHP Doug Hernández
Batting: SHB Robbie Robertson 0-0: Ball
1-0: Called Strike
1-1: Called Strike
1-2: Ball
2-2: Ball
3-2: Fly out, F7 (Flyball, 7S)
Top of the 7th over - 2 run(s), 2 hit(s), 0 error(s), 0 left on base; Illinois 2 - South Carolina 0
BOTTOM OF THE 7TH
South Carolina Gamecocks batting - Pitching for Illinois Fighting Illini : LHP Arnie Green
Now at 1B: Jon Foster
Batting: SHB Darrel Wise 0-0: Ball
1-0: Foul Ball, location: 2F
1-1: Called Strike
1-2: Ball
2-2: Strikes out swinging
Pitching: RHP Juan Reyes
Batting: RHB Ryan Campbell 0-0: Foul Ball, location: 2F
0-1: Ball
1-1: Ball
2-1: Ball
3-1: Base on Balls
Batting: LHB Gilberto Ortíz 0-0: Ball
1-0: Called Strike
1-1: Foul Ball, location: 2F
1-2: Foul Ball, location: 2F
1-2: Foul Ball, location: 2F
1-2: Ball
2-2: Ball
3-2: SINGLE (Line Drive, 6D)
Ryan Campbell to second
Ryan Campbell to third
Batting: SHB Ron Sims 0-0: Fly out, F8 (Flyball, 78S)
Runner from 3rd tags up, SCORES, no throw
Batting: RHB José Maldonado 0-0: Ball
1-0: Foul Ball, location: 2F
1-1: Ball
2-1: Fly out, F9 (Flyball, 9S)
Bottom of the 7th over - 1 run(s), 1 hit(s), 0 error(s), 1 left on base; Illinois 2 - South Carolina 1
TOP OF THE 8TH
Illinois Fighting Illini batting - Pitching for South Carolina Gamecocks : RHP Doug Hernández
Batting: RHB Chris Carr 0-0: Ball
1-0: Ball
2-0: Ball
3-0: Swinging Strike
3-1: Base on Balls
Batting: RHB Fernando Núńez 0-0: Bunted foul
0-1: Bunted foul
0-2: Ball
1-2: Ball
2-2: Ball
3-2: Base on Balls
Chris Carr to second
Batting: RHB Jesús Vélez 0-0: Foul Ball, location: 2F
0-1: Fly out, F9 (Line Drive, 9LM)
Batting: RHB Harold Allen 0-0: Called Strike
0-1: Ball
1-1: Ball
2-1: Ball
3-1: Foul Ball, location: 2F
3-2: Base on Balls
Chris Carr to third
Fernando Núńez to second
Batting: LHB Jesse Bowen 0-0: Foul Ball, location: 2F
0-1: Ball
1-1: Ball
2-1: SINGLE (Line Drive, 4D)
Chris Carr scores
Fernando Núńez to third
Harold Allen to second
Runner from 3rd tries for Home, SAFE, throw made home
Pitching: LHP Howard Flowers
Batting: RHB Robert Lancaster 0-0: Ball
1-0: Foul Ball, location: 2F
1-1: Swinging Strike
1-2: Foul Ball, location: 2F
1-2: Foul Ball, location: 2F
1-2: Ball
2-2: Foul Ball, location: 2F
2-2: Fly out, F4 (Line Drive, 4M)
Batting: RHB Rod Damerell 0-0: Ball
1-0: Ground out 4-3 (Groundball, 4M)
Top of the 8th over - 2 run(s), 1 hit(s), 0 error(s), 2 left on base; Illinois 4 - South Carolina 1
BOTTOM OF THE 8TH
South Carolina Gamecocks batting - Pitching for Illinois Fighting Illini : RHP Juan Reyes
Now at 3B: Pedro Ayala
Batting: RHB Luis Mercado 0-0: Foul Ball, location: 2F
0-1: Swinging Strike
0-2: Ball
1-2: SINGLE (Groundball, 6D)
Batting: RHB Edward Green 0-0: Ball
1-0: Foul Ball, location: 2F
1-1: Ball
2-1: Called Strike
2-2: Ball
3-2: Base on Balls
Luis Mercado to second
Pitching: LHP José Vera
Batting: LHB Chandler Pitts 0-0: Ball
1-0: Swinging Strike
1-1: Swinging Strike
1-2: Ball
2-2: Strikes out swinging
Pitching: RHP Ray Ray
Batting: RHB Rob DeWitt 0-0: Ball
1-0: Ball
2-0: Ball
3-0: Foul Ball, location: 2F
3-1: Foul Ball, location: 2F
3-2: SINGLE (Groundball, 6D)
Luis Mercado to third
Edward Green to second
Runner from 3rd tries for Home, SAFE, no throw
Pitching: LHP Chris Moore
Batting: SHB Darrel Wise 0-0: Foul Ball, location: 2F
0-1: Ball
1-1: Foul Ball, location: 2F
1-2: Foul Ball, location: 2F
1-2: Ball
2-2: Grounds into double play, 4-6-3 (Groundball, 4)
Bottom of the 8th over - 1 run(s), 2 hit(s), 0 error(s), 1 left on base; Illinois 4 - South Carolina 2
TOP OF THE 9TH
Illinois Fighting Illini batting - Pitching for South Carolina Gamecocks : LHP Howard Flowers
Pitching: RHP Matt West
Batting: RHB Jon Foster 0-0: Foul Ball, location: 2F
0-1: Ball
1-1: Ball
2-1: Ball
3-1: Base on Balls
Batting: SHB Robbie Robertson 0-0: Ball
1-0: Sac Bunt - play at first, batter OUT! 1-4
Jon Foster to second
Batting: RHB Chris Carr 0-0: Intentional Walk
Batting: RHB Pedro Ayala 0-0: Ball
1-0: Foul Ball, location: 2F
1-1: Ball
2-1: Foul Ball, location: 2F
2-2: Ball
3-2: Base on Balls
Jon Foster to third
Chris Carr to second
Batting: RHB Jesús Vélez 0-0: Ball
1-0: Foul Ball, location: 2F
1-1: Ball
2-1: Foul Ball, location: 2F
2-2: Foul Ball, location: 2F
2-2: Ball
3-2: Base on Balls
Jon Foster scores
Chris Carr to third
Pedro Ayala to second
Batting: RHB Harold Allen 0-0: Ball
1-0: Called Strike
1-1: Fly out, F7 (Flyball, 78S)
Runner from 3rd tags up, SCORES, throw made
Pitching: LHP Casey Gardner
Batting: LHB Jesse Bowen 0-0: Called Strike
0-1: SINGLE (Line Drive, 6D)
Pedro Ayala to third
Jesús Vélez to second
Runner from 3rd tries for Home, SAFE, no throw
Batting: RHB Robert Lancaster 0-0: Foul Ball, location: 2F
0-1: Single, Error in OF, E8, batter to second base
Jesús Vélez scores
Jesse Bowen to third
Batting: RHB Rod Damerell 0-0: Ball
1-0: Ball
2-0: Foul Ball, location: 2F
2-1: Called Strike
2-2: Ball
3-2: Foul Ball, location: 2F
3-2: Strikes out looking
Top of the 9th over - 4 run(s), 2 hit(s), 1 error(s), 2 left on base; Illinois 8 - South Carolina 2
BOTTOM OF THE 9TH
South Carolina Gamecocks batting - Pitching for Illinois Fighting Illini : LHP Chris Moore
Batting: RHB Ryan Campbell 0-0: Called Strike
0-1: Called Strike
0-2: Foul Ball, location: 2F
0-2: Strikes out swinging
Batting: LHB Gilberto Ortíz 0-0: Fly out, F7 (Flyball, 7)
Batting: SHB Ron Sims 0-0: Foul Ball, location: 2F
0-1: Ball
1-1: Called Strike
1-2: Ball
2-2: Foul Ball, location: 2F
2-2: Strikes out swinging
Bottom of the 9th over - 0 run(s), 0 hit(s), 0 error(s), 0 left on base; Illinois 8 - South Carolina 2
Tuesday, August 8th, 2017 - OOTP Baseball 17.12 Build 75